 Dungeon Crawl Stone Soup version 0.17.2-1-ge4368a0 (webtiles) character file.

71 Goblin1989 the Stinger (level 4, -2/33 HPs)
             Began as a Demonspawn Wanderer on Nov 2, 2016.
             Slain by a gnoll
             ... wielding a +0 whip
              (6 damage)
             ... on level 3 of the Dungeon.
             The game lasted 00:04:45 (2154 turns).

Goblin1989 the Stinger (Demonspawn Wanderer)        Turns: 2154, Time: 00:04:46

Health: -2/33      AC:  5    Str: 11    XL:     4   Next: 5%
Magic:  7/7        EV: 11    Int: 14    God:
Gold:   163        SH:  0    Dex: 14    Spells: 0 memorised, 7 levels left

rFire  . . .     SeeInvis .     a - +0 hand axe
rCold  . . .     Clarity  +     b - +0 ring mail
rNeg   + . .     SustAt   .     (no shield)
rPois  .         Gourm    .     (helmet restricted)
rElec  .         Spirit   .     (no cloak)
rCorr  .         Warding  .     (no gloves)
rMut   .         Stasis   .     (no boots)
MR     +....                    n - amulet of clarity
Stlth  +.........               q - ring of positive energy
                                m - ring of protection from magic

@: invisible, somewhat resistant to hostile enchantments, very unstealthy
A: horns 2
a: no special abilities


You were on level 3 of the Dungeon.
You were not hungry.

You visited 1 branch of the dungeon, and saw 3 of its levels.

You collected 163 gold pieces.

Inventory:

Hand Weapons
 a - a +0 hand axe (weapon)
 d - a +0 dagger
Armour
 b - a +0 ring mail (worn)
Jewellery
 m - a ring of protection from magic (left hand)
 n - an amulet of clarity (around neck)
 q - a ring of positive energy (right hand)
Wands
 C - a wand of confusion (15)
Scrolls
 f - a scroll of blinking {unknown}
 h - a scroll of random uselessness {unknown}
 i - a scroll of magic mapping {unknown}
 k - 3 scrolls of identify {unknown}
Potions
 g - 3 potions of curing {@q1}
 j - a potion of brilliance {unknown}
 l - a potion of invisibility
 o - a potion of degeneration {unknown}
 p - a potion of haste {unknown}
 r - a potion of heal wounds {unknown}
Books
 c - the Compendium of Air

   Spells                             Type                      Level
   a - Shock                          Conjuration/Air              1
   b - Swiftness                      Charms/Air                   2
Comestibles
 e - 3 bread rations {@e1}
 s - a beef jerky
 t - a meat ration {@e2}


   Skills:
 + Level 1.8 Fighting
 * Level 1.5 Axes
   Level 1.7 Bows
 - Level 1.0 Armour
 + Level 2.0 Dodging
 - Level 2.0 Spellcasting
   Level 3.0 Poison Magic
 - Level 2.0 Evocations


You had 7 spell levels left.
You didn't know any spells.

Dungeon Overview and Level Annotations

Branches:
Dungeon (3/15)

Altars:
Okawaru


Innate Abilities, Weirdness & Mutations

You have a pair of horns on your head.


Message History

The gnoll is severely wounded.
You closely miss the gnoll.
The gnoll is moderately wounded.
The gnoll closely misses you. The gnoll barely misses you.
The gnoll hits you with a whip!
* * * LOW HITPOINT WARNING * * *
You take 7 damage, and have 4/33 hp.
MASSIVE DAMAGE!!
You completely miss the gnoll.
The gnoll is heavily wounded.
You hit the gnoll but do no damage.
The gnoll is lightly wounded.
You barely miss the gnoll.
The gnoll is severely wounded.
The gnoll hits you but does no damage. The gnoll misses you.
The gnoll closely misses you. The gnoll barely misses you.
Drink which item? (? for menu, Esc to quit)
It was a potion of invisibility.
You fade into invisibility!
The gnoll closely misses you. The gnoll hits you with a whip.
You die... █...███..██.█████ █....█ ███....██.........███....█ ████.<.██.██................█ .......██.███.........██....█ .██.█████.█ █........███....█ ███.█ █.█ █........█ █....█ █ █.█ █.█ █........█ ██████

███.█ █.███<.gg....█
....█████...█..g@<...█
..........÷...██..........
███████.███......██.......
█...██...██...........
█........██████.......
█........█ █.....$.
█...██...█ .......
██.███...█ ...... ███
█...█


You could see 3 gnolls.

Vanquished Creatures
  2 adders
  An ooze (D:2)
  A worm (D:3)
  4 bats
  A giant cockroach (D:1)
  4 goblins
  10 hobgoblins
  3 jackals (D:1)
  7 kobolds
  A quokka (D:2)
  3 giant newts
  5 rats
  A fungus (D:1)
43 creatures vanquished.

Notes
Turn   | Place    | Note
--------------------------------------------------------------
     0 | D:1      | Goblin1989 the Demonspawn Wanderer began the quest for the Orb.
     0 | D:1      | Goblin1989 set off with: a +0 ring mail, the Compendium of Air, a +0 dagger, a bread ration {@e1}, a wand of confusion (15)
     0 | D:1      | Reached XP level 1. HP: 13/13 MP: 3/3
     0 | D:1      | Identified the Compendium of Air
   176 | D:1      | Reached skill level 1 in Fighting
   359 | D:1      | Gained mutation: You have a pair of small horns on your head. [demonic ancestry]
   359 | D:1      | Reached XP level 2. HP: 19/21 MP: 5/5
   373 | D:1      | Reached skill level 1 in Dodging
   984 | D:2      | Reached XP level 3. HP: 18/26 MP: 6/6
  1049 | D:2      | Reached skill level 1 in Axes
  1217 | D:2      | Found an iron altar of Okawaru.
  1999 | D:3      | Gained mutation: You have a pair of horns on your head. [demonic ancestry]
  1999 | D:3      | Reached XP level 4. HP: 22/33 MP: 7/7
  2154 | D:3      | Slain by a gnoll

Action                   |  1- 3 |  4- 6 || total
-------------------------+-------+-------++-------
Melee: Dagger            |    21 |       ||    21
       Hand axe          |   139 |    15 ||   154
  Use: Potion            |     1 |     1 ||     2
  Eat: Chunk             |     2 |     2 ||     4

Vault maps used:
D:1:      minmay_arrival_up_and_down, minmay_gold_behind_fungi
D:2:      old_standard_altar, first_bread
